 Dungeon Crawl Stone Soup version 0.19.3-1-g3169bf9 (webtiles) character file.

277 Dolanko the Slasher (level 6, -4/57 HPs)
             Began as a Naga Fighter on Jan 24, 2017.
             Slain by a hornet (9 damage)
             ... on level 4 of the Dungeon.
             The game lasted 00:03:35 (2414 turns).

Dolanko the Slasher (Naga Fighter)                  Turns: 2414, Time: 00:03:35

Health: -4/57      AC:  5    Str: 25    XL:     6   Next: 26%
Magic:  6/6        EV:  5    Int:  8    God:
Gold:   64         SH:  9    Dex: 11    Spells: 0 memorised, 5 levels left

rFire  + + .     SeeInvis +     a - +0 long sword
rCold  + . .     Gourm    .     b - +0 scale mail
rNeg   . . .     Faith    .     c - +0 shield
rPois  +         Spirit   .     (no helmet)
rElec  +         Reflect  .     (no cloak)
rCorr  +         Harm     .     (no gloves)
MR     .....                    (no barding)
Stlth  ..........               (no amulet)
                                m - ring of protection from fire
                                g - ring of flight

@: mighty, lethally poisoned (-4 -> -7), resistant, very slow
A: see invisible, deformed body, poison resistance, slowness 2, slow metabolism
1, spit poison 1, AC +2
a: Spit Poison, Evoke Flight


You were on level 4 of the Dungeon.
You were not hungry.

You visited 1 branch of the dungeon, and saw 4 of its levels.

You collected 64 gold pieces.

Inventory:

Hand Weapons
 a - a +0 long sword (weapon)
Armour
 b - a +0 scale mail (worn)
 c - a +0 shield (worn)
 q - a +0 chain mail
Jewellery
 g - a ring of flight (left hand)
 m - a ring of protection from fire (right hand)
Scrolls
 e - a scroll of enchant armour {unknown}
 h - a scroll of amnesia {unknown}
 j - 2 scrolls of magic mapping
 l - a scroll of recharging {unknown}
 n - a scroll of enchant weapon {unknown}
 o - 2 scrolls of teleportation {unknown}
 t - a scroll of fear {unknown}
Comestibles
 f - 3 bread rations
 p - 3 chunks of flesh


   Skills:
 + Level 4.0 Fighting
 * Level 4.8 Long Blades
 + Level 3.5 Armour
 - Level 2.4 Shields


You had 5 spell levels left.
You didn't know any spells.

Dungeon Overview and Level Annotations

Branches:
Dungeon (4/15)
 Temple: D:4-7

Altars:


Innate Abilities, Weirdness & Mutations

You cannot wear boots.
Your serpentine skin is tough. (AC +2)
You have supernaturally acute eyesight. (SInv)
Armour fits poorly on your strangely shaped body.
Your system is resistant to poisons. (rPois)
You cover ground very slowly.
You have a slow metabolism.
You can spit poison.


Message History

You feel sick. The hornet barely misses you.
You riposte.
You slash the hornet!
The hornet is moderately wounded.
You block the hornet's attack. The hornet stings you.
* * * LOW HITPOINT WARNING * * *
You are confused.
You feel invigorated.
You feel yourself speed up.
You feel sick.
The hornet stings you but does no damage.
The hornet stings you!
* * * LOW HITPOINT WARNING * * *
You feel yourself slow down.
You feel less invigorated.
You feel yourself speed up.
You feel less confused.
You feel sick. You block the hornet's attack. The hornet stings you!
* * * LOW HITPOINT WARNING * * *
You feel yourself slow down.
You feel yourself speed up.
You feel sick. The hornet stings you!
You die...

,****,***,*
#.#.........# #. **
*,* #,*
#...#########**#. *
*,* #.**
##.........,,,,,, *
*,**#..###*
#.########****** **
*,**,,....#* #.#
***********
,****,**,,**#..###.#
*,,,,,,,,,,
,,,,,,**,*,**#..##.#
*,*********
,*******,*,,*##....#
*,*
,,,,,,,,,**,,#.y@..#*
*,* ***
********,,#..l###...#
*,* *,,
*,,*#.#.,,#...# *,*
*,* *,,....#_*#...#
*,* *,*
*..##.#.,*..### *,*
*,* *.,*#...**#.# *,*
****,*
***,,*#..#*,..# *,*
*,,,,,
*,,,,*.)#**,,## *,*
*,****
*****,*,,***,,,,**
*,* **,*


You could see a hornet and a frilled lizard.

Vanquished Creatures
  A black bear (D:3)
  A jelly (D:3)
  An orc wizard (D:3)
  A worker ant (D:4)
  3 adders
  2 oozes (D:3)
  A worm (D:3)
  3 dart slugs
  A leopard gecko (D:2)
  3 orcs (D:3)
  2 giant cockroaches (D:2)
  11 goblins
  3 hobgoblins
  8 kobolds
  3 quokkas
  4 bats
  2 frilled lizards
  6 rats
56 creatures vanquished.

Notes
Turn   | Place    | Note
-------+----------+-------------------------------------------
     0 | D:1      | Dolanko the Naga Fighter began the quest for the Orb.
     0 | D:1      | Reached XP level 1. HP: 21/21 MP: 1/1
   143 | D:1      | Reached XP level 2. HP: 19/28 MP: 2/2
   536 | D:2      | Reached XP level 3. HP: 33/34 MP: 3/3
  1282 | D:3      | Reached XP level 4. HP: 39/42 MP: 4/4
  1941 | D:3      | Reached XP level 5. HP: 43/49 MP: 5/5
  1984 | D:3      | Noticed a black bear
  1994 | D:3      | Killed a black bear
  2276 | D:3      | Reached XP level 6. HP: 40/57 MP: 6/6
  2391 | D:4      | Noticed a hornet
  2414 | D:4      | Slain by a hornet

Skill      XL: |  1  2  3  4  5 |
---------------+----------------+-----
Long Blades    | 3 4 |  4.8
Armour         | 3 |  3.5
Fighting       | 4 |  4.0
Shields        | |  2.4

Action                   |  1- 3 |  4- 6 || total
-------------------------+-------+-------++-------
Melee: Long sword        |   105 |    87 ||   192
 Abil: Spit Poison       |     2 |     2 ||     4
       Evoke Flight      |     1 |       ||     1
  Use: Potion            |       |     4 ||     4
       Scroll            |       |     3 ||     3
  Eat: Chunk             |     1 |     3 ||     4
Armor: Scale mail        |    40 |    48 ||    88
Dodge: Dodged            |    28 |    22 ||    50
Block: Shield            |    67 |    50 ||   117
       Rpst.: Long sword |     7 |    10 ||    17
